 Dungeon Crawl Stone Soup version 0.21.1-1-g345015fe64 (webtiles) character file.

1329 Mrkan the Cleaver (level 8, -4/69 (70) HPs)
             Began as a Hill Orc Fighter on May 4, 2018.
             Was a Follower of Makhleb.
             Slain by an orc warrior
             ... wielding a +0 dire flail
              (17 damage)
             ... on level 6 of the Dungeon.
             The game lasted 00:13:02 (5873 turns).

Mrkan the Cleaver (Hill Orc Fighter)                Turns: 5873, Time: 00:13:03

HP:   -4/69 (70)    AC:  7    Str: 25    XL:     8   Next: 60%
MP:   8/8           EV:  8    Int:  8    God:    Makhleb [*.....]
Gold: 146           SH: 10    Dex: 10    Spells: 7/7 levels left

rFire    . . .     SeeInvis .   a - +0 war axe
rCold    . . .     Gourm    .   c - +0 shield
rNeg     . . .     Faith    .   b - +0 scale mail
rPois    .         Spirit   .   (no helmet)
rElec    .         Reflect  .   (no cloak)
rCorr    .         Harm     .   (no gloves)
MR       .....                  (no boots)
Stlth    ..........             (no amulet)
HPRegen  0.00/turn              (no ring)
MPRegen  0.11/turn              (no ring)

@: no status effects
A: inhibited regeneration, strong 2
a: Renounce Religion


You were on level 6 of the Dungeon.
You worshipped Makhleb.
Makhleb was aware of your devotion.
You were not hungry.

You visited 1 branch of the dungeon, and saw 6 of its levels.

You collected 146 gold pieces.

Inventory:

Hand Weapons
 a - a +0 war axe (weapon)
Armour
 b - a +0 scale mail (worn)
 c - a +0 shield (worn)
Jewellery
 n - an uncursed ring of magical power {unknown}
 u - an uncursed ring of wizardry
Wands
 v - a wand of random effects (16)
Scrolls
 d - a scroll of blinking {unknown}
 e - 2 scrolls of magic mapping {unknown}
 g - 3 scrolls of remove curse {unknown}
 j - 2 scrolls of immolation {unknown}
 o - a scroll of fog {unknown}
 p - 2 scrolls of amnesia {unknown}
 q - 2 scrolls of identify
 r - 3 scrolls of teleportation {unknown}
 s - a scroll of enchant armour {unknown}
Potions
 h - a potion of might
 k - a potion of brilliance
 l - 2 potions of heal wounds
 m - a potion of degeneration
 w - a potion of agility
Comestibles
 f - 6 rations


   Skills:
 + Level 5.8 Fighting
 + Level 9.3 Axes
 + Level 6.1 Armour
 + Level 6.0 Shields


You had 7 spell levels left.
You didn't know any spells.

Dungeon Overview and Level Annotations

Branches:
Dungeon (6/15)
 Temple: D:4-7

Altars:
Dithmenos
Makhleb
Wu Jian
Xom


Innate Abilities, Weirdness & Mutations

You do not regenerate when monsters are visible.
Your muscles are very strong. (Str +4)


Message History

An orc comes into view. It is wielding a dagger.
The orc shouts!
You hit the orc warrior.
The orc warrior is moderately wounded.
You block the orc warrior's attack.
You hit the orc warrior but do no damage.
The orc warrior is moderately wounded.
The orc warrior hits you with a dire flail!!
A quokka zombie comes into view.
Your shield and scale mail prevent you from hitting the orc warrior.
The orc warrior is moderately wounded.
The orc warrior hits you with a dire flail!
* * * LOW HITPOINT WARNING * * *
An orc comes into view.
The orc shouts!
You hit the orc warrior but do no damage.
The orc warrior is moderately wounded.
You hear a shout!
The orc warrior hits you with a dire flail!
You die...

## ...o...
##....## .....o.
#......## ......?
#.......## ...Z...
#........##
.oo...#
#.........## ..!..
#..........####''#
#..........(.@oo.#
#..........#######
####..........#
...'..........#
.###..........#
.#...)..#+#'#.#
.#.####.#.#.#.#
.#.##<#.#.#.#.#
.#.##.#.#.#.#.#


You could see an orc warrior, an orc wizard, 2 orcs and a quokka zombie.

Vanquished Creatures
  The ghost of Oravi the Changer, an amateur MfTm of Okawaru (D:4)
  Sigmund (D:2)
  A necrophage (D:5)
  An ogre (D:5)
  A bullfrog (D:4)
  A water moccasin skeleton (D:4)
  A howler monkey (D:5)
  3 jellies (D:5)
  An orc wizard (D:5)
  3 hounds
  An iguana (D:4)
  A centaur skeleton (D:5)
  Natasha (D:4)
  Terence (D:2)
  2 worker ants
  2 hound skeletons
  3 gnolls (D:3)
  14 adders
  3 worms
  2 dart slugs
  7 leopard geckos
  10 orcs
  4 giant cockroaches
  9 hobgoblins
  6 jackals
  3 kobolds
  4 quokkas
  A ball python (D:1)
  7 bats
  6 frilled lizards
  5 goblins
  A quokka skeleton (D:4)
  2 rats (D:1)
109 creatures vanquished.

Notes
Turn   | Place    | Note
-------+----------+-------------------------------------------
     0 | D:1      | Mrkan the Hill Orc Fighter began the quest for the Orb.
     0 | D:1      | Reached XP level 1. HP: 19/19 MP: 1/1
   163 | D:1      | Reached XP level 2. HP: 21/27 MP: 2/2
   616 | D:1      | Reached skill level 3 in Axes
   930 | D:2      | Reached XP level 3. HP: 29/33 MP: 3/3
  1191 | D:2      | Reached XP level 4. HP: 34/40 MP: 4/4
  1292 | D:2      | Reached skill level 4 in Axes
  1908 | D:2      | Noticed Sigmund
  1917 | D:2      | Killed Sigmund
  1917 | D:2      | Reached skill level 5 in Axes
  1917 | D:2      | Reached XP level 5. HP: 26/47 MP: 5/5
  1917 | D:2      | Reached XP level 6. HP: 29/53 MP: 6/6
  1932 | D:2      | Noticed Terence
  1936 | D:2      | Killed Terence
  3329 | D:3      | Reached skill level 5 in Armour
  3477 | D:4      | Gained mutation: Your spells are a little harder to cast, but a little more powerful. [potion of mutation]
  3477 | D:4      | Gained mutation: Potions are less effective at restoring your health. [potion of mutation]
  3477 | D:4      | Gained mutation: Your muscles are strong. (Str +2) [potion of mutation]
  3477 | D:4      | Gained mutation: Your muscles are very strong. (Str +4) [potion of mutation]
  3514 | D:4      | Reached skill level 6 in Axes
  3514 | D:4      | Reached skill level 5 in Shields
  3575 | D:4      | Reached XP level 7. HP: 48/60 MP: 7/7
  3699 | D:4      | Found an ornate altar of the Wu Jian Council.
  3699 | D:4      | Found a burning altar of Makhleb.
  3759 | D:4      | Became a worshipper of Makhleb the Destroyer
  3769 | D:4      | Noticed Oravi's ghost (amateur MfTm)
  3788 | D:4      | Killed Oravi's ghost
  3788 | D:4      | Reached skill level 5 in Fighting
  3788 | D:4      | Reached skill level 7 in Axes
  4165 | D:4      | Noticed Natasha
  4174 | D:4      | Killed Natasha
  4174 | D:4      | Reached XP level 8. HP: 61/68 MP: 8/8
  4496 | D:5      | Entered Level 5 of the Dungeon
  4520 | D:5      | Reached skill level 8 in Axes
  5385 | D:5      | Found a shadowy altar of Dithmenos.
  5385 | D:5      | Found a shimmering altar of Xom.
  5504 | D:5      | Reached skill level 9 in Axes
  5534 | D:5      | Reached * piety under Makhleb
  5779 | D:5      | Lost mutation: Your spells are a little harder to cast, but a little more powerful. [potion of mutation]
  5779 | D:5      | Lost mutation: Potions are less effective at restoring your health. [potion of mutation]
  5779 | D:5      | Lost mutation: Your muscles are very strong. (Str +4) [potion of mutation]
  5779 | D:5      | Gained mutation: You do not regenerate when monsters are visible. [potion of mutation]
  5779 | D:5      | Gained mutation: Your muscles are very strong. (Str +4) [potion of mutation]
  5873 | D:6      | Slain by an orc warrior

Skill      XL: |  1  2  3  4  5  6  7  8 |
---------------+-------------------------+-----
Fighting       | 4 5 |  5.8
Axes           | 3 5 6 7 9 |  9.3
Armour         | 4 5 6 |  6.1
Shields        | 4 5 6 |  6.0

Action                   |  1- 3 |  4- 6 |  7- 9 || total
-------------------------+-------+-------+-------++-------
Melee: War axe           |   111 |   175 |   181 ||   467
  Use: Potion            |       |     9 |     1 ||    10
       Scroll            |       |       |     1 ||     1
  Eat: Chunk             |     1 |     7 |     5 ||    13
       Ration            |       |     1 |       ||     1
Armor: Scale mail        |    67 |    81 |    61 ||   209
Dodge: Dodged            |    50 |    65 |    47 ||   162
Block: Shield            |    63 |    94 |    86 ||   243
